 Dungeon Crawl Stone Soup version 0.19.4-8-ga85b6b9 (webtiles) character file.

422 doot the Spear-Bearer (level 6, -7/45 HPs)
             Began as a Merfolk Gladiator on Feb 10, 2017.
             Was a Believer of Zin.
             Mangled by an orc
             ... wielding a +1 flail of distortion
              (26 damage)
             ... on level 4 of the Dungeon.
             The game lasted 00:13:21 (4118 turns).

doot the Spear-Bearer (Merfolk Gladiator)           Turns: 4118, Time: 00:13:22

Health: -7/45      AC:  7    Str: 17    XL:     6   Next: 95%
Magic:  6/6        EV: 13    Int:  8    God:    Zin [**....]
Gold:   163        SH:  0    Dex: 14    Spells: 0 memorised, 5 levels left

rFire  . . .     SeeInvis .     a - +0 trident
rCold  . . .     Gourm    .     b - +0 leather armour
rNeg   . . .     Faith    .     (no shield)
rPois  .         Spirit   .     i - +2 helmet
rElec  .         Reflect  .     (no cloak)
rCorr  .         Harm     .     h - +0 pair of gloves
MR     .....                    (no boots)
Stlth  +.........               (no amulet)
                                (no ring)
                                o - ring of flight

@: no status effects
A: change form in water, swift swim, stealthy swim
a: Recite, Vitalisation, Donate Gold, Renounce Religion, Evoke Flight


You were on level 4 of the Dungeon.
You worshipped Zin.
Zin was pleased with you.
You were very hungry.

You visited 1 branch of the dungeon, and saw 4 of its levels.

You collected 181 gold pieces.
You donated 18 gold pieces to Zin.

Inventory:

Hand Weapons
 a - a +0 trident (weapon)
Missiles
 d - 4 throwing nets (quivered)
 e - 42 bolts
Armour
 b - a +0 leather armour (worn)
 c - a +0 helmet
 h - a +0 pair of gloves (worn)
 i - a +2 helmet (worn)
 l - a +0 ring mail
 x - a cursed +0 leather armour
Jewellery
 o - a ring of flight (left hand)
Wands
 u - a wand of disintegration (3/24)
Scrolls
 k - 2 scrolls of remove curse
 v - a scroll of fog {unknown}
 w - 2 scrolls of teleportation {unknown}
Potions
 j - a potion of flight {unknown}
 m - a potion of heal wounds {unknown}
 n - a potion of mutation {unknown}
 p - 2 potions of lignification {unknown}
 q - a potion of agility {unknown}
 s - a potion of curing
 t - a potion of haste {unknown}
Comestibles
 f - 4 bread rations
 g - a meat ration
 r - 2 fruits


   Skills:
 + Level 2.3 Fighting
 + Level 10.4 Polearms
 + Level 2.0 Throwing
 + Level 0.7 Armour
 + Level 4.0 Dodging
 + Level 0.5 Stealth


You had 5 spell levels left.
You didn't know any spells.

Dungeon Overview and Level Annotations

Branches:
Dungeon (4/15)
 Temple: D:4-7

Altars:
Ashenzari
Sif Muna
Xom
Zin

Annotations:
D:3 lanroth's ghost, amateur HuFi


Message History

You finish reciting Abominations 1:63.
You hear a shout!
The orc wizard gestures wildly while chanting.
The orc wizard blinks!
An orc comes into view.
There is an open door here.
An orc comes into view. It is wielding a flail of distortion.
The phantom blinks!
You open the door. The ogre hits you with a giant club.
There is an open door here.
A ball python comes into view.
You have got your breath back.
The phantom blinks!
The phantom hits you.
The phantom blinks!
There is a stone staircase leading up here.
The orc hits you with a flail of distortion.
Space warps horribly around you!
Ouch! That really hurt!
You die...

#........)###..#.## ##+#.#..
#..######)# #...#.# ##......#
#..# #.# ##...## ##.....#..
#..######.# ##..## ##........#
........#####...####.......#.S
...................'.........#
..#######.......####..........
#.###..## ##.......##
#....@..# ##.....## #..#.o..#
##...## #..#O#..# ##'##
#.......### #.# ##......#.####
#o# ###.###.#...###.##
#o##.###..##.W.### #...##
##.#...O..##
####.###..##....#.)


You could see an ogre and 2 orcs.

Vanquished Creatures
  A hound (D:4)
  A bullfrog skeleton (D:4)
  2 orc priests (D:4)
  3 orc wizards (D:4)
  Ijyb (D:2)
  An iguana (D:4)
  A worker ant (D:4)
  5 adders
  An ooze (D:4)
  A worm (D:2)
  2 dart slugs
  6 leopard geckos
  16 orcs
  8 goblins
  4 hobgoblins
  2 jackals (D:2)
  8 kobolds
  3 quokkas
  4 ball pythons
  6 bats
  4 frilled lizards
  2 rats
82 creatures vanquished.

Vanquished Creatures (others)
  A kobold (D:2)
1 creature vanquished.

Grand Total: 83 creatures vanquished

Notes
Turn   | Place    | Note
-------+----------+-------------------------------------------
     0 | D:1      | doot the Merfolk Gladiator began the quest for the Orb.
     0 | D:1      | Reached XP level 1. HP: 16/16 MP: 1/1
   268 | D:1      | Reached skill level 5 in Polearms
   316 | D:1      | Reached XP level 2. HP: 22/22 MP: 2/2
   617 | D:1      | Found a shattered altar of Ashenzari.
  1084 | D:2      | Reached skill level 6 in Polearms
  1084 | D:2      | Reached XP level 3. HP: 21/27 MP: 3/3
  1234 | D:2      | Found a shimmering altar of Xom.
  1235 | D:2      | Noticed an angel
  1235 | D:2      | Found a glowing silver altar of Zin.
  1238 | D:2      | Noticed Ijyb
  1255 | D:2      | Killed Ijyb
  1255 | D:2      | Reached skill level 7 in Polearms
  1255 | D:2      | Reached XP level 4. HP: 29/33 MP: 4/4
  1268 | D:2      | Became a worshipper of Zin the Law-Giver
  1446 | D:2      | Found a deep blue altar of Sif Muna.
  2096 | D:3      | Reached * piety under Zin
  2305 | D:3      | Noticed lanroth's ghost (amateur HuFi)
  2312 | D:3      | Reached skill level 8 in Polearms
  2312 | D:3      | Reached XP level 5. HP: 37/38 MP: 5/5
  2809 | D:4      | Reached skill level 9 in Polearms
  2916 | D:4      | Noticed a phantom
  2961 | D:4      | Reached XP level 6. HP: 43/44 MP: 6/6
  3078 | D:4      | Reached ** piety under Zin
  3251 | D:4      | Reached skill level 10 in Polearms
  4118 | D:4      | Mangled by an orc

Skill      XL: |  1  2  3  4  5  6 |
---------------+-------------------+-----
Polearms       | 5 6 7 8 9 10 | 10.4
Fighting       | |  2.3
Throwing       | |  2.0
Armour         | |  0.7
Dodging        | |  4.0
Stealth        | |  0.5

Action                   |  1- 3 |  4- 6 || total
-------------------------+-------+-------++-------
Melee: Trident           |   104 |   233 ||   337
Invok: Recite            |       |     6 ||     6
  Use: Scroll            |     2 |     4 ||     6
 Stab: Confused          |       |     2 ||     2
       Sleeping          |       |     1 ||     1
  Eat: Chunk             |     1 |     5 ||     6
       Pizza             |       |     1 ||     1
       Beef jerky        |       |     1 ||     1
Armor: Leather armour    |     7 |    37 ||    44
       Ring mail         |    26 |    10 ||    36
Dodge: Dodged            |    56 |    95 ||   151
